 Dungeon Crawl Stone Soup version 0.28.0-43-g3370ac3207 (webtiles) character file.

Game seed: 4146975101023703055

119 pkoi the Conjurer (level 4, 0/33 HPs)
             Began as a Draconian Conjurer on Feb 28, 2022.
             Killed by divine providence
             ... invoked by an orc priest
              (15 damage)
             ... on level 3 of the Dungeon.
             The game lasted 00:03:59 (3751 turns).

pkoi the Conjurer (Draconian Conjurer)              Turns: 3751, Time: 00:03:59

Health: 0/33       AC:  5    Str: 10      XL:     4   Next: 73%
Magic:  1/7        EV: 11    Int: 20      God:
Gold:   216        SH:  0    Dex:  6 (9)  Spells: 1/8 levels left

rFire   . . .      SeeInvis +   a - +1 whip
rCold   . . .      Faith    .   (no shield)
rNeg    . . .      Spirit   .   (armour unavailable)
rPois   .          Reflect  .   (helmet restricted)
rElec   .          Harm     .   k - scarf {+Inv}
rCorr   .          Rampage  .   (no gloves)
Will    .....                   (no boots)
Stlth   +.........              (no amulet)
HPRegen 0.11/turn               f - ring of wizardry
MPRegen 0.10/turn               d - ring of see invisible

@: no status effects
A: AC +5, unfitting armour, cold-blooded
a: Evoke Invisibility


You were on level 3 of the Dungeon.
You visited 1 branch of the dungeon, and saw 4 of its levels.

You collected 216 gold pieces.

Inventory:

Hand Weapons
 a - a +1 whip (weapon)
Armour
 k - a scarf of invisibility (worn)
Jewellery
 d - a ring of see invisible (right hand)
 f - a ring of wizardry (left hand)
Wands
 j - a wand of digging (2)
Scrolls
 g - 2 scrolls of identify
 i - a scroll of enchant weapon
Potions
 b - a potion of magic {unknown}
 c - a potion of curing
 e - 2 potions of invisibility {unknown}
 h - a potion of heal wounds {unknown}


   Skills:
 - Level 1.7 Dodging
 - Level 1.7 Stealth
 + Level 2.6 Spellcasting
 * Level 5.7 Conjurations
 + Level 0.7 Translocations


You had one spell level left.
You knew the following spells:

 Your Spells              Type           Power      Damage    Failure   Level
a - Magic Dart            Conj           100%       1d8       1%          1
b - Searing Ray           Conj           50%        2d6       1%          2
c - Iskenderun's Mystic   Conj/Tloc      15%        2d5       16%         4

Your spell library contained the following spells:

 Spells                   Type           Power      Damage    Failure   Level
 Dazzling Flash           Conj/Hex       28%        N/A       6%          3
 Fulminant Prism          Conj/Hex       7%         3d7       17%         4


Dungeon Overview and Level Annotations

Branches:
Dungeon (4/15)
 Temple: D:4-7

Altars:

Annotations:
D:2 1 runed translucent door, Crazy Yiuf
D:4 Sigmund


Innate Abilities, Weirdness & Mutations

Your plain brown scales are hard. (AC +5)
You cannot fit into any form of body armour.
You are cold-blooded and may be slowed by cold attacks.


Message History

Aim: an orc priest, wielding a +2 whip of venom and wearing a +0 ring mail (82% to hit)
The searing ray hits the orc priest!
The orc priest is heavily wounded. (Press . to maintain the ray.)
The searing ray misses the orc priest.
The searing ray hits the orc priest.
The orc priest is severely wounded.
A kobold comes into view. It is wielding a +0 short sword.
The searing ray misses the orc priest.
The searing ray misses the orc wizard.
You finish channelling your searing ray.
Unknown command.
The orc priest casts a cantrip, but nothing happens.
You climb upwards.
There is a stone staircase leading down here.
Casting: Searing Ray (safe; 1% risk of failure)
Confirm with . or Enter, or press ? or * to list all spells.
Okay, then.
Unknown command.
Aiming: Magic Dart (safe; 1% risk of failure)
Press: ? - help, Q - select action, (/) - cycle Shift-Dir - straight line, f - orc priest
Aim: an orc priest, wielding a +2 whip of venom and wearing a +0 ring mail (severely wounded, 100% to hit)
The magic dart hits the orc priest but does no damage.
The orc priest is severely wounded.
The orc priest misses you.
Aiming: Magic Dart (safe; 1% risk of failure)
Press: ? - help, Q - select action, (/) - cycle Shift-Dir - straight line, f/p - orc priest
Aim: an orc priest, wielding a +2 whip of venom and wearing a +0 ring mail (severely wounded, 100% to hit)
The magic dart hits the orc priest.
The orc priest is almost dead.
The orc priest hits you with a +2 whip of venom.
You closely miss the orc priest.
The orc priest is almost dead.
The orc priest invokes the aid of Beogh against you.
Beogh smites you!
* * * LOW HITPOINT WARNING * * *
You closely miss the orc priest.
The orc priest is almost dead.
The orc priest invokes the aid of Beogh against you.
Beogh smites you!
You die...

######## #......#
#......# #......#
#......##
#)).....# ######
#@......# #.....
#o......#####...##
#.........(##....#
#......###.....#..
###.#### ###......
#.# #.####. #.#
##.# #. #.#
####..# #.
#.####.....####.


You could see an orc priest.

Vanquished Creatures
  A hound skeleton (D:4)
  Robin (D:2)
  2 adders (D:3)
  2 worms
  2 dart slugs
  4 orcs
  3 endoplasms
  4 giant cockroaches
  10 goblins
  5 hobgoblins
  2 quokkas
  5 ball pythons
  8 bats
  5 kobolds
  5 rats
59 creatures vanquished.

Notes
Turn   | Place    | Note
-------+----------+-------------------------------------------
     0 | D:1      | pkoi the Draconian Conjurer began the quest for the Orb.
     0 | D:1      | Reached XP level 1. HP: 14/14 MP: 3/3
   431 | D:1      | Reached XP level 2. HP: 20/20 MP: 0/5
   992 | D:1      | Found a faded altar of an unknown god.
  1034 | D:1      | Learned a level 2 spell: Searing Ray
  1040 | D:2      | Reached skill level 5 in Conjurations
  1042 | D:2      | Reached XP level 3. HP: 24/26 MP: 1/6
  1097 | D:2      | Noticed Robin
  1108 | D:2      | Killed Robin
  1675 | D:2      | Found a runed translucent door.
  1676 | D:2      | Noticed Crazy Yiuf
  2336 | D:3      | Reached XP level 4. HP: 33/33 MP: 4/7
  2352 | D:3      | Learned a level 4 spell: Iskenderun's Mystic Blast
  3108 | D:4      | Noticed Sigmund
  3751 | D:3      | Killed from afar by an orc priest

Illustrated notes

Levels and vault maps discovered:
D:1:      minmay_arrival_up_and_down, layout_rooms,
          shapermc_ecumenical_altar_mp_vishouse, minmay_indecisive_spiral
D:2:      layout_loops_ring, uniq_crazy_yiuf_cottage, uniq_robin
D:3:      layout_rooms, amcnicky_mini_pool_small
D:4:      layout_cave_pools, mainiacjoe_overflow_divided_tiny,
          minmay_temple_entry_ruins, uniq_sigmund

Skill      XL: |  1  2 |
---------------+-------+-----
Conjurations   | 5 |  5.7
Dodging        | |  1.7
Stealth        | |  1.7
Spellcasting   | |  2.6
Translocations | |  0.7

Action                   |  1- 3 |  4- 6 || total
-------------------------+-------+-------++-------
Melee: Whip              |    19 |    10 ||    29
       Unarmed           |     5 |       ||     5
       Tailslap          |     2 |     3 ||     5
       Punch             |     1 |       ||     1
 Cast: Magic Dart        |    70 |    34 ||   104
       Searing Ray       |     3 |     1 ||     4
  Use: Scroll            |     3 |       ||     3
       Potion            |     3 |       ||     3
Armor: Skin              |     6 |    11 ||    17
Dodge: Dodged            |    23 |     9 ||    32
